Map: Protocole central

Players

Gencho

  • Race: Protoss Protoss
  • League: Silver

pupu - Winner!

  • Race: Protoss Protoss
  • League: Gold

VOD

Have the link to the VOD?

Description

Time

  • Played on: March 21, 2016, 12:02 p.m.
  • Length: 16:15
Show
View Real Time Build Order
Export as new Build Order

Gencho Protoss 

Build Orders:  

Get SALT Encoding   

  12  0:03  Probe (Chrono Boost)  
  13  0:18  Pylon  
  13  0:23  Probe (Chrono Boost)  
  14  0:33  Probe (Chrono Boost)  
  15  0:38  Gateway  
  15  0:44  Probe (Chrono Boost)  
  16  0:54  Probe (Chrono Boost)  
  17  1:00  Assimilator  
  17  1:05  Probe (Chrono Boost)  
  17  1:07  Pylon  
  18  1:28  Cybernetics Core  
  18  1:31  Pylon  
  18  1:35  Gateway  
  18  1:41  Probe (Chrono Boost)  
  18  1:45  Assimilator  
  19  1:55  Forge  
  19  2:04  Probe (Chrono Boost)  
  19  2:07  Stalker (Chrono Boost)  
  22  2:21  Probe  
  23  2:31  Photon Cannon  
  23  2:33  Probe  
  23  2:37  Stalker (Chrono Boost)  
  26  2:41  Warp Gate (Chrono Boost)  
  26  2:47  Pylon  
  26  2:52  Stalker (Chrono Boost)  
  28  3:01  Gateway  
  28  3:05  Probe  
  31  3:15  Stalker (Chrono Boost)  
  31  3:31  Robotics Facility  
  31  3:35  Pylon  
  31  3:42  Stalker (Chrono Boost)  
  33  3:54  Stalker  
  33  4:28  Observer  
  34  4:40  Nexus  
  34  4:41  Stargate  
  34  4:43  Stalker  
  34  4:45  Stalker  
  38  4:56  Twilight Council  
  38  5:05  Pylon  
  35  5:30  Photon Cannon  
  35  5:34  Photon Cannon  
  35  5:37  Stalker  
  37  5:46  Dark Shrine  
  37  5:48  Probe  
  38  6:01  Probe  
  38  6:02  Probe  
  40  6:08  Stalker  
  42  6:13  Stalker  
  42  6:18  Probe  
  45  6:20  Probe  
  46  6:28  Stalker  
  46  6:42  Void Ray  
  46  6:43  Probe  
  51  7:02  Stalker  
  49  7:29  Fleet Beacon  
  49  7:37  Probe  
  50  7:45  Nexus  
  50  7:47  Probe  
  50  7:49  Dark Templar  
  53  8:17  Observer  
  53  8:18  Assimilator  
  54  8:22  Probe  
  54  8:26  Assimilator  
  55  8:29  Assimilator  
  55  8:32  Probe  
  56  8:39  Tempest  
  60  8:43  Probe  
  61  8:53  Probe  
  61  8:55  Stalker  
  64  9:04  Probe  
  65  9:12  Probe  
  65  9:15  Assimilator  
  66  9:23  Probe  
  66  9:28  Tempest  
  71  9:33  Probe  
  72  9:39  Anion Pulse-Crystals  
  72  9:41  Stalker x2  
  72  9:43  Stalker  
  72  9:44  Probe  
  79  9:54  Mothership Core, Probe  
  82  10:00  Pylon  
  82  10:03  Pylon  
  82  10:05  Probe x2  
  82  10:06  Pylon  
  84  10:15  Probe  
  85  10:23  Tempest  
  89  10:36  Probe  
  88  10:46  Probe  
  71  10:57  Probe  
  58  11:04  Dark Templar  
  58  11:05  Dark Templar x2  
  58  11:07  Probe  
  53  11:18  Probe  
  45  11:30  Probe  
  46  11:37  Gateway  
  42  11:41  Pylon, Probe  
  43  11:49  Stalker  
  43  11:51  Probe  
  48  11:59  Pylon  
  48  12:02  Probe  
  49  12:09  Cybernetics Core  
  49  12:11  Stargate  
  51  12:23  Mothership Core  
  51  12:30  Probe  
  48  12:37  Pylon  
  48  12:41  Probe  
  44  12:48  Stargate  
  37  13:12  Void Ray (Chrono Boost)  
  41  13:16  Gateway  
  41  13:19  Pylon  
  41  13:28  Stalker  
  47  13:35  Mothership Core  
  47  13:40  Void Ray (Chrono Boost)  
  49  13:43  Pylon  
  45  13:55  Nexus  
  43  14:16  Void Ray (Chrono Boost)  
  47  14:20  Stalker  
  49  14:38  Stalker  
  51  14:44  Void Ray (Chrono Boost)  
  55  14:52  Stalker  
  57  15:08  Void Ray (Chrono Boost)  
  61  15:19  Pylon  
Show
View Real Time Build Order
Export as new Build Order

pupu Protoss - Winner!

Build Orders: Oracle Opening 

Get SALT Encoding   

  12  0:00  Probe (Chrono Boost)  
  13  0:11  Probe (Chrono Boost)  
  14  0:20  Pylon  
  14  0:22  Probe (Chrono Boost)  
  15  0:38  Probe (Chrono Boost), Gateway  
  16  0:48  Assimilator  
  16  0:49  Probe (Chrono Boost)  
  17  0:54  Assimilator  
  17  0:59  Probe (Chrono Boost)  
  18  1:10  Probe (Chrono Boost)  
  19  1:20  Probe (Chrono Boost)  
  20  1:29  Cybernetics Core  
  20  1:33  Pylon  
  20  1:34  Probe (Chrono Boost)  
  23  1:40  Zealot  
  23  1:51  Probe (Chrono Boost)  
  24  2:02  Probe (Chrono Boost)  
  24  2:06  Stargate  
  25  2:10  Warp Gate (Chrono Boost)  
  25  2:13  Mothership Core  
  27  2:17  Adept  
  29  2:34  Probe  
  30  2:47  Probe  
  31  2:57  Pylon  
  31  2:59  Pylon  
  31  3:01  Probe  
  31  3:15  Probe, Gateway, Stalker, Oracle (Chrono Boost)  
  37  3:21  Gateway  
  37  3:28  Probe  
  38  3:40  Pylon  
  38  3:55  Oracle (Chrono Boost)  
  41  4:08  Nexus  
  41  4:22  Probe  
  42  4:26  Void Ray (Chrono Boost)  
  42  4:28  Stalker  
  42  4:31  Sentry  
  50  4:34  Probe  
  51  4:46  Probe  
  51  4:50  Pylon  
  52  4:52  Assimilator  
  52  4:58  Probe  
  53  5:11  Probe  
  54  5:30  Probe, Stalker x3  
  54  5:32  Probe, Protoss Air Weapons Level 1 (Chrono Boost)  
  62  5:42  Forge  
  62  5:46  Gateway x2  
  62  5:48  Gateway  
  62  5:49  Probe  
  62  5:51  Probe  
  64  6:00  Probe  
  64  6:03  Probe  
  66  6:05  Pylon  
  66  6:11  Pylon, Probe  
  66  6:15  Protoss Ground Weapons Level 1 (Chrono Boost), Probe  
  68  6:21  Stalker x2  
  68  6:22  Sentry  
  74  6:38  Probe x2  
  76  6:42  Void Ray  
  80  6:48  Stalker x3  
  80  6:52  Probe x2  
  88  7:04  Probe x2  
  88  7:06  Assimilator  
  90  7:16  Probe x2  
  90  7:21  Stalker  
  94  7:32  Pylon  
  94  7:38  Pylon x2  
  94  7:41  Pylon  
  94  7:46  Pylon  
  94  7:49  Pylon  
  94  7:51  Pylon  
  94  8:16  Protoss Air Armor Level 1  
  94  8:23  Stalker x5  
  94  8:24  Stalker  
  106  8:30  Pylon  
  106  8:31  Protoss Ground Armor Level 1 (Chrono Boost)  
  106  8:34  Pylon  
  106  8:36  Twilight Council  
  106  8:37  Nexus  
  106  8:38  Pylon  
  106  8:54  Photon Cannon  
  106  8:57  Photon Cannon  
  106  8:59  Photon Cannon  
  106  9:03  Pylon  
  106  9:06  Pylon  
  106  9:11  Stalker x3  
  106  9:15  Sentry x2  
  116  9:22  Blink (Chrono Boost)  
  116  9:35  Void Ray  
  120  9:47  Stalker x2  
  124  9:54  Assimilator  
  124  9:57  Protoss Shields Level 1 (Chrono Boost)  
  124  10:01  Photon Cannon  
  124  10:02  Photon Cannon  
  124  10:03  Pylon  
  124  10:05  Probe  
  124  10:06  Probe x2  
  127  10:15  Probe  
  127  10:18  Probe  
  127  10:19  Stalker x2  
  133  10:21  Stalker  
  135  10:29  Void Ray  
  111  11:15  Void Ray  
  89  11:43  Photon Cannon  
  75  11:47  Photon Cannon  
  75  11:49  Photon Cannon  
  75  12:09  Photon Cannon  
  75  12:10  Photon Cannon  
  75  12:12  Photon Cannon  
  75  12:15  Photon Cannon  
  75  12:17  Photon Cannon  
  75  12:20  Photon Cannon x2  
  75  12:23  Pylon  
  75  12:24  Photon Cannon  
  75  12:25  Assimilator  
  75  12:26  Pylon  
  75  12:30  Pylon  
  75  12:32  Pylon  
  75  12:36  Photon Cannon  
  75  12:39  Photon Cannon  
  75  12:53  Void Ray  
  79  13:04  Probe  
  79  13:05  Probe x2  
  82  13:28  Stalker x5  
  82  13:29  Stalker  
  94  13:35  Protoss Ground Weapons Level 2  
  94  13:45  Void Ray  
  98  13:59  Robotics Facility  
  86  14:08  Stalker x2  
  86  14:09  Stalker x4  
  98  14:38  Gateway  
  98  14:40  Gateway  
  98  14:44  Probe  
  98  14:45  Probe x2, Gateway  
  100  14:47  Gateway  
  100  14:50  Gateway  
  100  14:52  Gateway  
  101  15:05  Zealot x6  
  113  15:11  Void Ray  
  117  15:18  Nexus  
  115  15:26  Pylon  
  115  15:27  Pylon  
  111  15:29  Pylon x2  
  111  15:33  Pylon  
  93  15:52  Stalker x4  
  93  15:53  Stalker x2  
  103  16:12  Photon Cannon  
Tags
 
Add a new tag
Caveats
  • Supply blocks, unpowered buildings, or Contaminate may cause inaccurate times.
  • Supply counts are checked every 10 seconds.